 Dungeon Crawl Stone Soup version 0.28.0 (webtiles) character file.

Game seed: 8594585359924901742

22 styxcanada the Magician (level 2, -10/15 HPs)
             Began as a Deep Elf Fire Elementalist on Feb 11, 2022.
             Killed by divine providence
             ... invoked by an orc priest
              (11 damage)
             ... on level 2 of the Dungeon.
             The game lasted 00:05:57 (1647 turns).

styxcanada the Magician (DEFE)                      Turns: 1647, Time: 00:05:57

Health: -10/15     AC:  4    Str:  5    XL:     2   Next: 68%
Magic:  3/9        EV: 11    Int: 19    God:
Gold:   19         SH:  0    Dex: 15    Spells: 6/9 levels left

rFire   . . .      SeeInvis .   g - +0 short sword
rCold   . . .      Faith    .   (no shield)
rNeg    . . .      Spirit   .   b - +0 leather armour
rPois   .          Reflect  .   (no helmet)
rElec   .          Harm     .   (no cloak)
rCorr   .          Rampage  .   (no gloves)
Will    .....                   k - +0 pair of boots
Stlth   ++........              (no amulet)
HPRegen 0.05/turn               (no ring)
MPRegen 0.11/turn               (no ring)

@: no status effects
A: no striking features
a: no special abilities


You were on level 2 of the Dungeon.
You visited 1 branch of the dungeon, and saw 2 of its levels.

You collected 19 gold pieces.

Inventory:

Hand Weapons
 f - a +0 club
 g - a +0 short sword (weapon)
 j - a +0 hunting sling
Missiles
 i - 19 sling bullets
 m - 13 stones
Armour
 b - a +0 leather armour (worn)
 k - a +0 pair of boots (worn)
Magical Staves
 e - a staff of death
Scrolls
 a - a scroll of identify {unknown}
 d - a scroll of enchant weapon {unknown}
 l - a scroll of holy word {unknown}
Potions
 c - a potion of magic {unknown}
 h - a potion of curing {unknown}
 n - a potion of mutation {unknown}


   Skills:
 + Level 2.4 Dodging
 * Level 2.4 Stealth
 * Level 4.0 Spellcasting
 * Level 1.4 Conjurations
 * Level 3.6 Fire Magic


You had 6 spell levels left.
You knew the following spells:

 Your Spells              Type           Power      Damage    Failure   Level
a - Foxfire               Conj/Fire      52%        2x1d6     9%          1
b - Scorch                Fire           34%        2d6       8%          2

Your spell library contained the following spells:

 Spells                   Type           Power      Damage    Failure   Level
 Conjure Flame            Conj/Fire      13%        6-21      24%         3
 Inner Flame              Hex/Fire       10%        N/A       32%         3
 Flame Wave               Conj/Fire      13%        2d6       63%         4


Dungeon Overview and Level Annotations

Branches:
Dungeon (2/15)

Altars:

Shops:
D:2 [


Message History

The orc priest moves out of view.
The orc moves out of view. 3 orcs come into view.
Found 6 gold pieces.
The orc shouts! x4
Casting: Foxfire (safe; 9% risk of failure)
Confirm with . or Enter, or press ? or * to list all spells.
Okay, then.
The orc priest calls down the wrath of Beogh upon you.
Beogh smites you!
Ouch! That really hurt!
Casting: Foxfire (safe; 9% risk of failure)
Confirm with . or Enter, or press ? or * to list all spells.
Flames lash the orc.
You kill the orc!
Casting: Scorch (safe; 8% risk of failure)
Confirm with . or Enter, or press ? or * to list all spells.
You can't see any susceptible monsters within range! (Use Z to cast anyway.)
Casting: Scorch (safe; 8% risk of failure)
Confirm with . or Enter, or press ? or * to list all spells.
You conjure some foxfire!
The foxfire hits the orc priest.
The orc priest is lightly wounded.
The foxfire hits the orc priest.
The orc priest is lightly wounded.
Casting: Foxfire (safe; 9% risk of failure)
Confirm with . or Enter, or press ? or * to list all spells.
Flames lash the orc.
You kill the orc!
An endoplasm comes into view.
The orc priest hits you with a +0 short sword.
Casting: Scorch (safe; 8% risk of failure)
Confirm with . or Enter, or press ? or * to list all spells.
Flames lash the orc priest.
The orc priest is severely wounded.
The orc priest's fire resistance burns away.
The orc priest hits you with a +0 short sword.
* * * LOW HITPOINT WARNING * * *
The orc priest mumbles some strange prayers to Beogh against you.
Beogh smites you!
Ouch! That really hurt!
You die...

#############
##.....@.ooo.#
#..#########o#
#.###....ooo.#
#.##..≈..)≈..#
##.####.#$....).....#
.....)..#⌠............
#########..#$........J.###
#..........##..≈...≈..##
#..........###........#


You could see an orc priest (combustible) and 3 orcs.

Vanquished Creatures
  2 dart slugs (D:1)
  2 orcs (D:2)
  A ball python (D:1)
  An endoplasm (D:1)
  2 goblins (D:1)
  A kobold (D:1)
  A quokka (D:2)
  2 bats (D:1)
  3 frilled lizards (D:1)
  A rat (D:2)
16 creatures vanquished.

Vanquished Creatures (others)
  20 foxfires
20 creatures vanquished.

Grand Total: 36 creatures vanquished

Notes
Turn   | Place    | Note
-------+----------+-------------------------------------------
     0 | D:1      | styxcanada the Deep Elf Fire Elementalist began the quest
                  | for the Orb.
     0 | D:1      | Reached XP level 1. HP: 10/10 MP: 6/6
   596 | D:1      | Reached XP level 2. HP: 13/15 MP: 4/8
   930 | D:1      | Learned a level 2 spell: Scorch
  1205 | D:1      | Found a faded altar of an unknown god.
  1502 | D:2      | Found Yvost's Armour Boutique.
  1508 | D:2      | Reached skill level 4 in Spellcasting
  1647 | D:2      | Killed from afar by an orc priest

Illustrated notes

Levels and vault maps discovered:
D:1:      lemuel_arrival_rhombus, layout_loops_corners,
          shapermc_ecumenical_altar_flowoftime, minmay_misc_feat_five,
          minivault_23, st_stairs_9
D:2:      cheibrodos_pilgrimage, layout_basic, serial_shops,
          nicolae_diamond_shop, serial_bayou_pond_e

Skill      XL: |  1  2 |
---------------+-------+-----
Spellcasting   | 4 |  4.0
Dodging        | |  2.4
Stealth        | |  2.4
Conjurations   | |  1.4
Fire Magic     | |  3.6

Action                   || total
-------------------------++-------
Melee: Short sword       ||    17
       Club              ||     1
 Cast: Foxfire           ||    16
       Scorch            ||     3
 Stab: Sleeping          ||     3
Armor: Leather armour    ||     8
Dodge: Dodged            ||    15
